 Dungeon Crawl Stone Soup version 0.30-a0-371-gad7725a93e (webtiles) character file.

Game seed: 8064461059803606538

88 bande the Trooper (level 4, -1/29 HPs)
             Began as a Gargoyle Fighter on Nov 22, 2022.
             Slain by Natasha (8 damage)
             ... on level 2 of the Dungeon.
             The game lasted 00:01:43 (1450 turns).

bande the Trooper (Gargoyle Fighter)                Turns: 1450, Time: 00:01:44

Health: -1/29      AC: 10    Str: 20    XL:     4   Next: 54%
Magic:  4/4        EV:  9    Int:  8    God:
Gold:   147        SH:  4    Dex: 11    Spells: 3/3 levels left

rFire   . . .      SeeInvis .    a - +0 war axe
rCold   . . .      Faith    .    c - +0 buckler
rNeg    + . .      Spirit   .    b - +0 scale mail
rPois   ∞          Reflect  .    (no helmet)
rElec   +          Harm     .    (no cloak)
rCorr   .          Rampage  .    (no gloves)
Will    .....                    (no boots)
Stlth   ..........               (no amulet)
HPRegen 0.24/turn                (no ring)
MPRegen 0.09/turn                (no ring)

@: no status effects
A: sickness immunity, AC +3, negative energy resistance 1, electricity
resistance, torment resistance 1, petrification resistance
a: no special abilities


You were on level 2 of the Dungeon.
You visited 1 branch of the dungeon, and saw 3 of its levels.

You collected 147 gold pieces.

Inventory:

Hand Weapons
 a - a +0 war axe (weapon)
Armour
 b - a +0 scale mail (worn)
 c - a +0 buckler (worn)
Scrolls
 e - a scroll of teleportation {unknown}
 f - 5 scrolls of identify {unknown}
 h - a scroll of poison {unknown}
 j - a scroll of acquirement {unknown}
 k - a scroll of magic mapping {unknown}
 l - 4 scrolls of vulnerability {unknown}
 m - a scroll of fog {unknown}
 o - a scroll of enchant armour {unknown}
Potions
 d - a potion of might
 g - 3 potions of mutation {unknown}
 i - a potion of berserk rage {unknown}
 n - a potion of brilliance {unknown}


   Skills:
 + Level 3.9 Fighting
 + Level 3.0 Axes
 + Level 3.9 Armour
 + Level 3.7 Shields


You had 3 spell levels left.
You didn't know any spells.
Your spell library contained the following spells:

 Spells                   Type           Power      Damage    Failure   Level
 Call Canine Familiar     Summ           0%         N/A       99%         3
 Portal Projectile        Hex/Tloc       0%         N/A       99%         3
 Leda's Liquefaction      Hex/Erth       0%         N/A       100%        4


Dungeon Overview and Level Annotations

Branches:
Dungeon (3/15)

Altars:

Annotations:
D:2 Natasha


Innate Abilities, Weirdness & Mutations

You are immune to sickness and miasma.
Your stone body is resilient. (AC +3)
You are immune to poison.
You resist negative energy. (rN+)
You are resistant to electric shocks. (rElec)
You are resistant to unholy torment.
You are immune to petrification.


Message History

The adder hisses angrily.
Natasha, Servant of Life and Death comes into view.
You closely miss the adder. The adder bites you but does no damage.
You barely miss the adder. The adder bites you. The adder closely misses you.
You closely miss the adder. The adder barely misses you.
The adder closely misses you.
You closely miss the adder. The adder barely misses you.
The adder closely misses you.
You closely miss the adder. The adder bites you but does no damage.
Natasha mumbles some strange words.
The adder bites you but does no damage.
You slash the white imp!
The white imp is severely wounded.
You slash the adder! The adder bites you. The white imp gestures at you.
The puff of frost hits you. The adder bites you.
You completely miss the white imp.
The white imp is severely wounded.
You slash the adder!
You kill the adder!
The white imp gestures at you. The puff of frost hits you!
You block Natasha's attack.
Your Axes skill increases to level 3!
You closely miss Natasha. You closely miss the white imp.
The white imp gestures at you. The puff of frost hits you!
Natasha claws you but does no damage. The white imp hits you.
* * * LOW HITPOINT WARNING * * *
The white imp freezes you.
* * * LOW HITPOINT WARNING * * *
Natasha closely misses you.
You closely miss Natasha. You closely miss the white imp.
The white imp hits you but does no damage.
Natasha closely misses you.
You hit Natasha.
Natasha is moderately wounded.
You closely miss the white imp.
The white imp hits you but does no damage.
Natasha claws you!
You die...

####.# #.# #.# #. #.#
#.# #.# #. #.# #.# #.#
#. #.# #.# #.# #.
####.# #.# #.# #.
.....##########.###.###
#.
..............#.#...[.#
#.
#############.#.#.###.#
#. #...@5# #.# #.
#.#.#h###.# #.
#.###.....##########.
#.########...........
#..........##########
############


You could see Natasha and a white imp (summoned).

Vanquished Creatures
  Natasha (D:2)
  2 adders
  2 worms (D:2)
  A dart slug (D:1)
  An endoplasm (D:2)
  A giant cockroach (D:1)
  A goblin (D:2)
  7 hobgoblins
  2 jackals (D:3)
  4 kobolds
  A quokka (D:1)
  3 ball pythons
  6 bats
  6 rats
38 creatures vanquished.

Notes
Turn   | Place    | Note
-------+----------+-------------------------------------------
     0 | D:1      | bande the Gargoyle Fighter began the quest for the Orb.
     0 | D:1      | Reached XP level 1. HP: 14/14 MP: 1/1
   142 | D:1      | Found a faded altar of an unknown god.
   242 | D:1      | Reached XP level 2. HP: 19/19 MP: 2/2
   855 | D:2      | You fall into a shaft and drop 1 floor!
   864 | D:3      | Reached XP level 3. HP: 24/24 MP: 3/3
  1150 | D:2      | Noticed Natasha
  1158 | D:2      | Killed Natasha
  1159 | D:2      | Reached XP level 4. HP: 24/29 MP: 4/4
  1440 | D:2      | Noticed Natasha
  1450 | D:2      | Slain by Natasha

Illustrated notes

Levels and vault maps discovered:
D:1:      lemuel_arrival_river_bridge, layout_loops_cross,
          hellmonk_ecumenical_altar_blasted
D:2:      layout_loops_ring, uniq_natasha
D:3:      layout_basic, serial_shops, shop, uniq_robin

Skill      XL: |  1  2  3  4 |
---------------+-------------+-----
Axes           | 2 3 |  3.0
Fighting       | |  3.9
Armour         | |  3.9
Shields        | |  3.7

Action                   |  1- 3 |  4- 6 || total
-------------------------+-------+-------++-------
Melee: War axe           |    72 |    28 ||   100
Armor: Scale mail        |    42 |    12 ||    54
Dodge: Dodged            |    32 |    18 ||    50
Block: Buckler           |     9 |     8 ||    17

Table legend: (Time is in decaauts)
 A = Elapsed time spent in this place.
 B = Non-inter-level travel time spent in this place.
 C = Inter-level travel time spent in this place.
 D = Time resting spent in this place.
 E = Time spent auto-exploring this place.
 F = Levels seen in this place.
 G = Mean time per level.
                   A        B        C        D        E       F      G
               +--------+--------+--------+--------+--------+-----+--------+
         Total |   1491 |   1491 |      0 |      0 |   1208 |   3 |  497.0 |
       Dungeon |   1491 |   1491 |      0 |      0 |   1208 |   3 |  497.0 |
               +--------+--------+--------+--------+--------+-----+--------+

Top non-repeatable levels by time:
     D:1: 752 daAuts
     D:2: 632 daAuts
     D:3: 106 daAuts
